[Event "Friday Night Engine Tour 7rd Swiss 12m+1s Starts at 2200hrs ST"]
[Site "Infinity Chess"]
[Date "2018.4.6"]
[Round "3"]
[White "Deep_Impact"]
[Black "CoffeeOne"]
[Result "1/2-1/2"]
[ECO "C44"]
[WhiteElo "2468"]
[BlackElo "2457"]
[WhiteEngine "BrainFish_180404_x64_modern"]
[BlackEngine "stockfish_9"]
[EventType "Swiss"]
[WhiteTeam ""]
[BlackTeam ""]
[PlyCount "84"]
[TimeControl "720+1"]

1. e4 e5 2. Nf3 Nc6 3. d4 exd4 4. c3 dxc3 5. Nxc3 Bb4 6. Bc4 d6 7. Ng5 Nh6 
8. O-O O-O 9. f4 Na5 10. Bd3 Bg4 11. Nf3 Bc5+ 12. Kh1 Nc6 13. h3 Bxf3 
14. Qxf3 f5 15. Bd2 Nd4 16. Qg3 c6 17. Rae1 a5 18. Bb1 a4 19. Qd3 Qh4 
20. Ne2 Nxe2 21. Rxe2 Rae8 22. exf5 Ng4 23. Qf3 Rxe2 24. Qxe2 Nf6 25. Qc4+ Kh8 
26. Qxa4 Re8 27. Qc4 Bf2 28. Qf7 Be1 29. Bc3 Bxc3 30. bxc3 Re1 31. Bd3 Rxf1+ 
32. Bxf1 Qxf4 33. Be2 Qf2 34. Qf8+ Ng8 35. Bg4 Qxa2 36. Bh5 Qa1+ 37. Kh2 Qxc3 
38. Bf7 Qe5+ 39. Kh1 Qa1+ 40. Kh2 Qe5+ 41. Kg1 Qe1+ 42. Kh2 Qe5+ 1/2-1/2

[Event "Friday Night Engine Tour 7rd Swiss 12m+1s Starts at 2200hrs ST"]
[Site "Infinity Chess"]
[Date "2018.4.6"]
[Round "3"]
[White "MGR"]
[Black "RonWeasley"]
[Result "1/2-1/2"]
[ECO "C11"]
[WhiteElo "2475"]
[BlackElo "2473"]
[WhiteEngine "asmFishW_2018-04-02_bmi2"]
[BlackEngine "BrainFish 010418 WM_CTG"]
[EventType "Swiss"]
[WhiteTeam ""]
[BlackTeam ""]
[PlyCount "99"]
[TimeControl "720+1"]

1. e4 e6 2. d4 d5 3. Nc3 Nf6 4. e5 Nfd7 5. f4 c5 6. Nf3 Nc6 7. Be3 cxd4 
8. Nxd4 Qb6 9. Qd2 Qxb2 10. Rb1 Qa3 11. Bb5 Nxd4 12. Bxd4 a6 13. Bxd7+ Bxd7 
14. Rb3 Qe7 15. Rxb7 Rc8 16. O-O Qd8 17. f5 exf5 18. Qd3 Bc5 19. Bxc5 Rxc5 
20. Nxd5 Bc8 21. Re7+ Kf8 22. Qa3 Qa5 23. Qxa5 Rxa5 24. Rc7 Be6 25. Nf4 Rxe5 
26. Nxe6+ Rxe6 27. Rxf5 Re7 28. Rc8+ Re8 29. Rc7 Re7 30. Rc8+ Re8 31. Rfc5 Ke7 
32. R8c6 g6 33. a4 Ra8 34. Rc7+ Kf6 35. Rc4 Rhf8 36. h4 Kg7 37. Kh2 a5 
38. Kg3 Ra6 39. Rf4 Rf6 40. c3 Rd8 41. Rxf6 Kxf6 42. Rc5 h5 43. Rxa5 Rc8 
44. Ra7 Rxc3+ 45. Kf2 Ra3 46. Ra5 Ra2+ 47. Kf3 Ra3+ 48. Kf2 Ra2+ 49. Kg3 Ra3+ 
50. Kf2 1/2-1/2

[Event "Friday Night Engine Tour 7rd Swiss 12m+1s Starts at 2200hrs ST"]
[Site "Infinity Chess"]
[Date "2018.4.6"]
[Round "3"]
[White "MCDermont"]
[Black "KRAKEN"]
[Result "1/2-1/2"]
[ECO "D11"]
[WhiteElo "2490"]
[BlackElo "2482"]
[WhiteEngine "BrainFish 010418 WM_CTG"]
[BlackEngine "Raubfisch X38_CTG"]
[EventType "Swiss"]
[WhiteTeam ""]
[BlackTeam ""]
[PlyCount "106"]
[TimeControl "720+1"]

1. d4 d5 2. c4 c6 3. Nf3 Nf6 4. e3 e6 5. b3 Nbd7 6. Bd3 b6 7. Bb2 Bd6 
8. Nbd2 O-O 9. O-O Bb7 10. Qc2 c5 11. cxd5 exd5 12. dxc5 Rc8 13. c6 Rxc6 
14. Qb1 g6 15. b4 Rc7 16. a3 Qe7 17. Rc1 Rxc1+ 18. Qxc1 Rc8 19. Qd1 Ne5 
20. Be2 Ne4 21. Rc1 Rxc1 22. Qxc1 Nxf3+ 23. Nxf3 Qc7 24. Qxc7 Bxc7 25. Ne5 Kf8 
26. f3 Nd6 27. a4 Ke7 28. Kf2 a6 29. Bd4 Nf5 30. Ba1 Nd6 31. g3 f6 32. Nd3 Nc4 
33. Bd4 Bc6 34. Bd1 Ne5 35. Nf4 Nc4 36. Ne2 Ne5 37. Nf4 Nc4 38. Nd3 Bd6 
39. f4 h5 40. h3 Ke6 41. g4 h4 42. Bc3 g5 43. Bb3 Ke7 44. f5 Bg3+ 45. Ke2 Bd6 
46. Kf2 Ne5 47. Nxe5 fxe5 48. a5 bxa5 49. bxa5 Kf6 50. Bc2 Bb5 51. Bb3 Bc6 
52. Ke2 Bc5 53. Kf2 Bd6 1/2-1/2

[Event "Friday Night Engine Tour 7rd Swiss 12m+1s Starts at 2200hrs ST"]
[Site "Infinity Chess"]
[Date "2018.4.6"]
[Round "3"]
[White "Murx"]
[Black "THE_MACHINE"]
[Result "1/2-1/2"]
[ECO "D00"]
[WhiteElo "2504"]
[BlackElo "2506"]
[WhiteEngine "asmFishW_2018-04-01_bmi2"]
[BlackEngine "BrainFish_180404_x64_bmi2"]
[EventType "Swiss"]
[WhiteTeam ""]
[BlackTeam ""]
[PlyCount "38"]
[TimeControl "720+1"]

1. d4 d5 2. Bf4 Nf6 3. Nf3 c5 4. e3 Nc6 5. Nbd2 Qb6 6. dxc5 Qxb2 7. Rb1 Qc3 
8. Bb5 e6 9. O-O Be7 10. Ne5 Bd7 11. Ndf3 O-O 12. e4 Be8 13. Bd2 Qa3 
14. Nd3 Nxe4 15. Rb3 Qxa2 16. Rb2 Qa3 17. Rb3 Qa2 18. Rb2 Qa3 19. Rb3 Qa2 
1/2-1/2

[Event "Friday Night Engine Tour 7rd Swiss 12m+1s Starts at 2200hrs ST"]
[Site "Infinity Chess"]
[Date "2018.4.6"]
[Round "3"]
[White "Vimtiroba"]
[Black "Dovahkiin"]
[Result "1/2-1/2"]
[ECO "C26"]
[WhiteElo "2373"]
[BlackElo "2355"]
[WhiteEngine "SF9 ''M26''_CTG"]
[BlackEngine "corchess_x64_modern_CTG"]
[EventType "Swiss"]
[WhiteTeam ""]
[BlackTeam ""]
[PlyCount "129"]
[TimeControl "720+1"]

1. e4 e5 2. Nc3 Nf6 3. Nf3 Nc6 4. h3 Bb4 5. Bb5 O-O 6. O-O d6 7. Re1 Ne7 
8. a3 Bxc3 9. bxc3 a6 10. Bc4 b5 11. Bb3 c5 12. d3 h6 13. Rb1 Rb8 14. a4 Bd7 
15. axb5 axb5 16. Ra1 Qc7 17. Qe2 Ra8 18. Bd2 Ng6 19. Nh2 Rfc8 20. Rxa8 Rxa8 
21. Nf1 Ra3 22. Rb1 Qc6 23. c4 b4 24. Ne3 Qa6 25. Qd1 Nf4 26. Kh2 Qc8 
27. Qf1 Ne6 28. Nf5 Qc7 29. Qd1 Bc6 30. c3 bxc3 31. Bxc3 Nd4 32. Nxd4 cxd4 
33. Bb4 Ra8 34. c5 dxc5 35. Bxc5 Bd5 36. Rc1 Bxb3 37. Qxb3 Rb8 38. Qa3 Rc8 
39. Qb3 Rb8 40. Qd1 Qd7 41. Ra1 Qc6 42. Rc1 Qe6 43. Rb1 Rxb1 44. Qxb1 Nd7 
45. Ba3 Kh7 46. Qc2 f5 47. f3 f4 48. Qc8 Kg6 49. Bb4 Kg5 50. Kg1 Kg6 51. Kf1 Kh7 
52. Kg1 Kg6 53. h4 Qf7 54. Ba3 Kh5 55. Qd8 Qe6 56. Qh8 Qf7 57. Bb4 Kxh4 
58. Qd8+ Kh5 59. Be7 Qe6 60. Qe8+ g6 61. Qd8 Nb8 62. Qf8 Nd7 63. Qd8 Nb6 
64. Bd6 Nd7 65. Be7 1/2-1/2

[Event "Friday Night Engine Tour 7rd Swiss 12m+1s Starts at 2200hrs ST"]
[Site "Infinity Chess"]
[Date "2018.4.6"]
[Round "2"]
[White "beka"]
[Black "ocirema"]
[Result "1/2-1/2 "]
[ECO "D12"]
[WhiteElo "2373"]
[BlackElo "2418"]
[WhiteEngine "stockfish_18032408_32bit"]
[BlackEngine "asmFishW_2018-04-01_popcnt"]
[EventType "Swiss"]
[WhiteTeam ""]
[BlackTeam ""]
[PlyCount "197"]
[TimeControl "720+1"]

1. d4 d5 2. c4 c6 3. Nf3 Nf6 4. e3 Bf5 5. Nc3 e6 6. Nh4 Be4 7. f3 Bg6 
8. Nxg6 hxg6 9. Qb3 Qc7 10. Bd2 a6 11. cxd5 cxd5 12. Bd3 Nc6 13. h3 Rc8 
14. Rc1 Bd6 15. O-O O-O 16. Na4 Nh5 17. Rfd1 Qe7 18. Nc5 Rb8 19. Qa4 Rfc8 
20. f4 a5 21. Rf1 g5 22. fxg5 Qxg5 23. Qd1 Rc7 24. Qg4 Qxg4 25. hxg4 Ng3 
26. Rfd1 Nb4 27. Bxb4 axb4 28. Na4 Rbc8 29. Rxc7 Rxc7 30. Nc5 b6 31. Nb3 Ra7 
32. Bb1 Kf8 33. Kf2 Ke8 34. Kf3 g6 35. g5 Bc7 36. Nd2 Nf5 37. Rc1 Bd8 
38. Kf4 Nd6 39. Kg4 Kf8 40. Rc6 Ke7 41. Rc2 Bc7 42. Kg3 Kd7 43. Kf3 Ra8 
44. Rc1 Bd8 45. Kf4 Bc7 46. Kf3 Bd8 47. Kf4 Be7 48. g3 Ra5 49. Nf3 Nc4 
50. e4 Kd8 51. Rc2 dxe4 52. Kxe4 Nd6+ 53. Kf4 Nf5 54. Ne5 b3 55. axb3 Ra1 
56. Rc1 Bd6 57. Ke4 Nxg3+ 58. Kf3 Bxe5 59. dxe5 Nf5 60. Kf4 Ne7 61. Rf1 Ra5 
62. Bd3 Nc6 63. Re1 Rc5 64. Bf1 Rc2 65. Re2 Rc1 66. Rd2+ Kc7 67. Bd3 Rc5 
68. Re2 Nb4 69. Be4 Nd5+ 70. Bxd5 Rxd5 71. Ke4 Kb7 72. Rf2 Rd7 73. Rf3 Kc6 
74. Rc3+ Kb5 75. Rf3 Ra7 76. Rc3 Rd7 77. Rg3 Rc7 78. Rf3 Kb4 79. Rd3 Kb5 
80. Rf3 Ra7 81. Rc3 Ra1 82. Rf3 Re1+ 83. Kd4 Rd1+ 84. Ke4 Rd7 85. Rc3 Rd2 
86. Rf3 Rd7 87. Rh3 Kb4 88. Rc3 Ra7 89. Rh3 Ra2 90. Rf3 Ra7 91. Kd4 Rd7+ 
92. Ke4 Ra7 93. Kd4 Rb7 94. Ke4 Rd7 95. Rh3 Rc7 96. Rd3 Rc1 97. Rf3 b5 
98. Rxf7 Re1+ 99. Kd4 1/2-1/2

[Event "Friday Night Engine Tour 7rd Swiss 12m+1s Starts at 2200hrs ST"]
[Site "Infinity Chess"]
[Date "2018.4.6"]
[Round "2"]
[White "Coco69"]
[Black "Macho"]
[Result "1/2-1/2"]
[ECO "C50"]
[WhiteElo "2426"]
[BlackElo "2430"]
[WhiteEngine "Raubfisch X38_CTG"]
[BlackEngine "Cfish 2018-04-06 64 POPC"]
[EventType "Swiss"]
[WhiteTeam ""]
[BlackTeam ""]
[PlyCount "113"]
[TimeControl "720+1"]

1. e4 e5 2. Nf3 Nc6 3. Bc4 Bc5 4. O-O Nf6 5. d3 d6 6. c3 a5 7. Bb3 O-O 8. Bg5 h6 
9. Bh4 g5 10. Bg3 g4 11. Nh4 Nh5 12. Kh1 Qg5 13. a4 Bd7 14. Na3 Rad8 15. Nb5 Bb6 
16. Na3 Kg7 17. Bc2 Bc8 18. Nc4 Bc5 19. Nd2 Kh8 20. Qe2 Be6 21. Nf5 Bxf5 
22. exf5 d5 23. Bxe5+ Nxe5 24. Qxe5+ Kg8 25. Qe2 Rfe8 26. Qd1 Nf6 27. Nb3 b6 
28. Nxc5 bxc5 29. d4 c4 30. Rb1 Rb8 31. b3 cxb3 32. Rxb3 Rxb3 33. Bxb3 Qxf5 
34. Bc2 Qe6 35. Bd3 Kg7 36. Qd2 Ne4 37. Qc1 Qd6 38. Kg1 Nf6 39. Rd1 Re7 
40. g3 Qd7 41. Qc2 Ne4 42. Rf1 Ng5 43. Bf5 Nf3+ 44. Kh1 Qc6 45. Bxg4 Qc4 
46. Qc1 Nd2 47. Rd1 Ne4 48. Kg2 Nxc3 49. Rd2 Re4 50. Bf5 Rxd4 51. Rc2 Rd1 
52. Qe3 d4 53. Qe5+ Kg8 54. Qe8+ Kg7 55. Qe5+ Kg8 56. Qe8+ Kg7 57. Qe5+ 1/2-1/2

[Event "Friday Night Engine Tour 7rd Swiss 12m+1s Starts at 2200hrs ST"]
[Site "Infinity Chess"]
[Date "2018.4.6"]
[Round "2"]
[White "fati64"]
[Black "star99"]
[Result "1/2-1/2"]
[ECO "B53"]
[WhiteElo "2433"]
[BlackElo "2439"]
[WhiteEngine "BrainFish_180404_x64"]
[BlackEngine "Cryptic Heroes 9.3B"]
[EventType "Swiss"]
[WhiteTeam ""]
[BlackTeam ""]
[PlyCount "73"]
[TimeControl "720+1"]

1. e4 c5 2. Nf3 d6 3. d4 Nf6 4. Nc3 cxd4 5. Nxd4 Nc6 6. Bg5 e6 7. Qd2 Be7 
8. O-O-O O-O 9. f4 Nxd4 10. Qxd4 h6 11. Bh4 Qa5 12. Bc4 e5 13. fxe5 dxe5 
14. Qd3 Bg4 15. Rdf1 Rfd8 16. Qg3 Rac8 17. Bxf6 Bxf6 18. Bd5 Bg5+ 19. Kb1 Be6 
20. Bxe6 fxe6 21. h4 Bf4 22. Qg6 Rc6 23. a3 Rxc3 24. Qxe6+ Kh7 25. bxc3 Qxa3 
26. Qf5+ Kg8 27. Rd1 Bd2 28. Qxe5 Rd6 29. Qb5 Kh8 30. Rxd2 Rxd2 31. Rf1 Kh7 
32. g3 Qxc3 33. Qf5+ Kh8 34. Qf8+ Kh7 35. Qf5+ Kh8 36. Qf8+ Kh7 37. Qf5+ 1/2-1/2

[Event "Friday Night Engine Tour 7rd Swiss 12m+1s Starts at 2200hrs ST"]
[Site "Infinity Chess"]
[Date "2018.4.6"]
[Round "2"]
[White "CoffeeOne"]
[Black "MrScience"]
[Result "1/2-1/2"]
[ECO "C50"]
[WhiteElo "2457"]
[BlackElo "2449"]
[WhiteEngine "stockfish_9"]
[BlackEngine "cfish"]
[EventType "Swiss"]
[WhiteTeam ""]
[BlackTeam ""]
[PlyCount "170"]
[TimeControl "720+1"]

1. e4 e5 2. Nf3 Nc6 3. Bc4 Bc5 4. O-O Nf6 5. d3 d6 6. c3 O-O 7. Nbd2 a6 
8. a4 Ba7 9. h3 h6 10. Re1 Re8 11. b4 Be6 12. Bxe6 Rxe6 13. Qc2 Qd7 14. Nf1 d5 
15. Be3 Bxe3 16. Nxe3 Ne7 17. c4 d4 18. Nd5 Ng6 19. g3 Nxd5 20. exd5 Re7 
21. Kg2 c6 22. dxc6 Qxc6 23. b5 Qc5 24. Qb3 Kh7 25. Qa3 Qc7 26. Qb4 Qd7 
27. Rac1 f6 28. Rc2 axb5 29. cxb5 b6 30. Rc6 Qd8 31. Nd2 Rea7 32. Ne4 Ne7 
33. Rd6 Rd7 34. Rxd7 Qxd7 35. Qd6 Qxd6 36. Nxd6 Rxa4 37. f4 Ng6 38. Kf3 Ra2 
39. Rd1 exf4 40. gxf4 Rh2 41. Nc4 f5 42. Kg3 Re2 43. Ra1 h5 44. h4 Rc2 
45. Nxb6 Rb2 46. Nc4 Rxb5 47. Nd2 Ne7 48. Ra6 Rc5 49. Re6 Nc6 50. Nf3 g6 
51. Ng5+ Kg7 52. Rd6 Rc3 53. Kf3 Rxd3+ 54. Kg2 Rc3 55. Rd7+ Kf8 56. Nh7+ Kg8 
57. Ng5 Ra3 58. Rd6 Ne7 59. Rxd4 Ra8 60. Kg3 Rc8 61. Nf3 Rc3 62. Rd6 Rb3 
63. Rd7 Kf7 64. Rd6 Kg7 65. Kf2 Rb4 66. Kg3 Kf8 67. Re6 Rb3 68. Rf6+ Ke8 
69. Kf2 Rb7 70. Kg3 Rb5 71. Ne5 Rb4 72. Nf3 Nd5 73. Rxg6 Nxf4 74. Rh6 Ke7 
75. Kf2 Rb2+ 76. Kf1 Ne2 77. Kf2 f4 78. Ne5 Ng3+ 79. Kf3 Nf5 80. Rxh5 Ke6 
81. Nd3 Rd2 82. Nxf4+ Kf6 83. Rg5 Nxh4+ 84. Kg4 Rd4 85. Kxh4 Rxf4+ 1/2-1/2

[Event "Friday Night Engine Tour 7rd Swiss 12m+1s Starts at 2200hrs ST"]
[Site "Infinity Chess"]
[Date "2018.4.6"]
[Round "2"]
[White "RonWeasley"]
[Black "Deep_Impact"]
[Result "1/2-1/2"]
[ECO "D11"]
[WhiteElo "2473"]
[BlackElo "2468"]
[WhiteEngine "BrainFish 010418 WM_CTG"]
[BlackEngine "BrainFish_180404_x64_modern"]
[EventType "Swiss"]
[WhiteTeam ""]
[BlackTeam ""]
[PlyCount "185"]
[TimeControl "720+1"]

1. d4 d5 2. c4 c6 3. Nf3 e6 4. Nc3 Nf6 5. Bg5 h6 6. Bxf6 Qxf6 7. e3 Nd7 
8. Be2 g6 9. O-O Bg7 10. e4 dxe4 11. Nxe4 Qf4 12. Qc2 f5 13. Ned2 c5 14. g3 Qd6 
15. Nh4 Kf7 16. d5 e5 17. Rae1 h5 18. Kg2 Nf6 19. b4 b6 20. bxc5 bxc5 
21. Ndf3 Nh7 22. Bd3 Re8 23. Nxf5 gxf5 24. Bxf5 Bxf5 25. Qxf5+ Kg8 26. Qxh5 e4 
27. Nd2 Nf6 28. Qg5 Re5 29. Qg6 Qe7 30. Re2 Rb8 31. Rfe1 Rb2 32. Rb1 Rxb1 
33. Nxb1 Qe8 34. Qxe8+ Nxe8 35. f4 exf3+ 36. Kxf3 Rf5+ 37. Kg4 Nd6 38. Nd2 a5 
39. h4 Rf7 40. Re6 Rf2 41. Rxd6 Rxd2 42. Ra6 Rxa2 43. h5 a4 44. Kf5 Rf2+ 
45. Ke4 Kf7 46. Rxa4 Bd4 47. Ra7+ Kf6 48. g4 Rg2 49. Ra6+ Kf7 50. Kf5 Rf2+ 
51. Ke4 Rg2 52. h6 Rxg4+ 53. Kf5 Rh4 54. Ra7+ Ke8 55. h7 Rh6 56. Ra8+ Kd7 
57. Ke4 Rh2 58. Ra5 Re2+ 59. Kf5 Rh2 60. Ra6 Rg2 61. Ra7+ Kd6 62. Ra8 Rh2 
63. Ra5 Rh4 64. Ra7 Rh5+ 65. Kg4 Rh1 66. Kf5 Rh3 67. Ra6+ Ke7 68. Kg6 Rh2 
69. Kf5 Rh1 70. Ra8 Rh6 71. Kg5 Rh2 72. Kf5 Rh6 73. Ke4 Rh5 74. Rb8 Kd6 
75. Ra8 Rh1 76. Ra6+ Ke7 77. Re6+ Kd7 78. Ra6 Rh4+ 79. Kf5 Rh2 80. Ke4 Rg2 
81. Ra7+ Kd6 82. Ra6+ Kd7 83. Rh6 Re2+ 84. Kf4 Re8 85. Kg4 Re4+ 86. Kf5 Re3 
87. h8=R Bxh8 88. Rxh8 Rf3+ 89. Ke4 Rc3 90. d6 Rxc4+ 91. Kd5 Rd4+ 92. Kxc5 Rd5+ 
93. Kxd5 1/2-1/2

[Event "Friday Night Engine Tour 7rd Swiss 12m+1s Starts at 2200hrs ST"]
[Site "Infinity Chess"]
[Date "2018.4.6"]
[Round "2"]
[White "KRAKEN"]
[Black "MGR"]
[Result "1/2-1/2 "]
[ECO "A05"]
[WhiteElo "2482"]
[BlackElo "2475"]
[WhiteEngine "Raubfisch X38_CTG"]
[BlackEngine "asmFishW_2018-04-02_bmi2"]
[EventType "Swiss"]
[WhiteTeam ""]
[BlackTeam ""]
[PlyCount "138"]
[TimeControl "720+1"]

1. Nf3 Nf6 2. g3 d5 3. Bg2 c5 4. O-O e6 5. d4 cxd4 6. Nxd4 e5 7. Nf3 Nc6 
8. c4 d4 9. e3 Be7 10. exd4 exd4 11. Bf4 Be6 12. Ne5 Rc8 13. Nxc6 bxc6 
14. Be5 Bxc4 15. Re1 O-O 16. Qxd4 Be6 17. Nc3 Qa5 18. Qd1 Rfd8 19. Qe2 Ng4 
20. Bf4 Bb4 21. Rac1 Nf6 22. a3 Bxc3 23. bxc3 h6 24. c4 Qxa3 25. Ra1 Qc5 
26. Rec1 Nd7 27. h4 a5 28. Ra4 Nb6 29. Be3 Qe5 30. f4 Qc7 31. Rxa5 Nd7 
32. Ra7 Qb8 33. Qc2 Nb6 34. Qa2 Rd3 35. Bf2 Rcd8 36. f5 Bxf5 37. Qa5 Nc8 
38. Rxf7 Kxf7 39. Qxf5+ Kg8 40. Bd5+ R3xd5 41. cxd5 Rxd5 42. Qe6+ Kh7 
43. Qxc6 Ne7 44. Qc2+ Kh8 45. Qe4 Re5 46. Qf4 Nd5 47. Qc4 Qe8 48. Qg4 Kh7 
49. Rc8 Qe7 50. Qd1 Nf6 51. Qc2+ Re4 52. Kh2 Qe5 53. Kh3 Qf5+ 54. Kg2 Ng4 
55. Rc6 Ne5 56. Rc3 h5 57. Re3 Rf4 58. Qxf5+ Rxf5 59. Re4 Nd3 60. Bd4 Rd5 
61. g4 hxg4 62. Rxg4 Ne5 63. Re4 Ng6 64. Kf3 Rh5 65. Ba1 Nxh4+ 66. Kg4 Nf5 
67. Kxh5 Ng3+ 68. Kg4 Nxe4 69. Bb2 g6 1/2-1/2

[Event "Friday Night Engine Tour 7rd Swiss 12m+1s Starts at 2200hrs ST"]
[Site "Infinity Chess"]
[Date "2018.4.6"]
[Round "2"]
[White "THE_MACHINE"]
[Black "MCDermont"]
[Result "1/2-1/2"]
[ECO "C11"]
[WhiteElo "2507"]
[BlackElo "2489"]
[WhiteEngine "BrainFish_180404_x64_bmi2"]
[BlackEngine "BrainFish 010418 WM_CTG"]
[EventType "Swiss"]
[WhiteTeam ""]
[BlackTeam ""]
[PlyCount "118"]
[TimeControl "720+1"]

1. e4 e6 2. d4 d5 3. Nc3 Nf6 4. e5 Nfd7 5. f4 c5 6. Nf3 Nc6 7. Be3 cxd4 
8. Nxd4 Qb6 9. Qd2 Qxb2 10. Rb1 Qa3 11. Bb5 Nxd4 12. Bxd4 a6 13. Bxd7+ Bxd7 
14. Rb3 Qe7 15. Rxb7 Rc8 16. O-O Qd8 17. f5 exf5 18. Qd3 Bc5 19. Bxc5 Rxc5 
20. Nxd5 Bc8 21. Re7+ Kf8 22. Qa3 Qa5 23. Qxa5 Rxa5 24. Rc7 Be6 25. Nf4 Rxe5 
26. Nxe6+ Rxe6 27. Rxf5 Re7 28. Rc8+ Re8 29. Rc7 Re7 30. Rc8+ Re8 31. Rfc5 Ke7 
32. R8c6 g6 33. Kf2 Ra8 34. Rc7+ Kf6 35. Rc3 Kg7 36. Rf3 Rhf8 37. Kg3 Rae8 
38. h4 Re2 39. a3 Kg8 40. c4 Rc2 41. a4 Ra2 42. a5 Rxa5 43. c5 Ra4 44. Rf4 Ra3+ 
45. Rf3 Ra4 46. c6 Rc4 47. Rf4 Rc2 48. Kf3 a5 49. Ke3 Rxg2 50. Rd7 Rc2 
51. c7 Kg7 52. Ke4 h6 53. Kd3 Rc1 54. Kd2 Rc6 55. Rfd4 Rc5 56. Kd3 Rc1 
57. Kd2 Rc5 58. Kd3 Rc1 59. Kd2 Rc5 1/2-1/2

[Event "Friday Night Engine Tour 7rd Swiss 12m+1s Starts at 2200hrs ST"]
[Site "Infinity Chess"]
[Date "2018.4.6"]
[Round "2"]
[White "Dovahkiin"]
[Black "Murx"]
[Result "1/2-1/2"]
[ECO "A46"]
[WhiteElo "2348"]
[BlackElo "2511"]
[WhiteEngine "corchess_x64_modern_CTG"]
[BlackEngine "asmFishW_2018-04-01_bmi2"]
[EventType "Swiss"]
[WhiteTeam ""]
[BlackTeam ""]
[PlyCount "66"]
[TimeControl "720+1"]

1. d4 Nf6 2. Nf3 d5 3. c4 c6 4. e3 e6 5. Bd3 dxc4 6. Bxc4 Nbd7 7. Nc3 b5 
8. Bd3 a6 9. e4 c5 10. d5 Qc7 11. O-O Bb7 12. dxe6 fxe6 13. Ng5 Qc6 14. Qe2 c4 
15. Bc2 Bc5 16. b4 Bd6 17. a4 O-O 18. Nxe6 Bxh2+ 19. Kxh2 Qxe6 20. Kg1 Ng4 
21. axb5 Nde5 22. bxa6 Qf6 23. f3 Qh4 24. fxg4 Nxg4 25. Rxf8+ Rxf8 26. Qxg4 Qxg4 
27. axb7 Qg3 28. Ra8 Qe1+ 29. Kh2 Qh4+ 30. Kg1 Qe1+ 31. Kh2 Qh4+ 32. Kg1 Qf2+ 
33. Kh2 Qh4+ 1/2-1/2

[Event "Friday Night Engine Tour 7rd Swiss 12m+1s Starts at 2200hrs ST"]
[Site "Infinity Chess"]
[Date "2018.4.6"]
[Round "1"]
[White "Vimtiroba"]
[Black "CoffeeOne"]
[Result "1/2-1/2"]
[ECO "C26"]
[WhiteElo "2369"]
[BlackElo "2461"]
[WhiteEngine "SF9 ''M26''_CTG"]
[BlackEngine "stockfish_9"]
[EventType "Swiss"]
[WhiteTeam ""]
[BlackTeam ""]
[PlyCount "86"]
[TimeControl "720+1"]

1. e4 e5 2. Nc3 Nf6 3. Nf3 Nc6 4. h3 Bb4 5. Bb5 O-O 6. O-O d6 7. Re1 h6 
8. Nd5 Bc5 9. c3 Nxd5 10. exd5 Ne7 11. Bc4 Nf5 12. d4 exd4 13. cxd4 Bb6 
14. Re4 Bd7 15. a4 a5 16. Bd2 Re8 17. Rxe8+ Bxe8 18. Bc3 Bd7 19. Qd2 Ne7 
20. b3 Ng6 21. Re1 Qf6 22. Re3 Nf4 23. Ne1 g5 24. Nf3 Qg6 25. Re1 Bf5 
26. Qe3 Bd7 27. Qd2 Qf5 28. Nh2 h5 29. Nf1 Kf8 30. Ne3 Qf6 31. Nf1 Rc8 
32. Kh2 Re8 33. Rxe8+ Kxe8 34. Bxa5 Bxa5 35. Qxa5 Qxd4 36. Qa8+ Ke7 37. Kg1 g4 
38. hxg4 hxg4 39. Qxb7 Qe4 40. Ne3 Qb1+ 41. Nf1 Qe4 42. Ne3 Qb1+ 43. Nf1 Qe4 
1/2-1/2

[Event "Friday Night Engine Tour 7rd Swiss 12m+1s Starts at 2200hrs ST"]
[Site "Infinity Chess"]
[Date "2018.4.6"]
[Round "1"]
[White "Deep_Impact"]
[Black "beka"]
[Result "1/2-1/2"]
[ECO "B23"]
[WhiteElo "2472"]
[BlackElo "2369"]
[WhiteEngine "BrainFish_180404_x64_modern"]
[BlackEngine "stockfish_18032408_32bit"]
[EventType "Swiss"]
[WhiteTeam ""]
[BlackTeam ""]
[PlyCount "106"]
[TimeControl "720+1"]

1. e4 c5 2. Nc3 d6 3. Nf3 Nf6 4. d4 cxd4 5. Nxd4 a6 6. Be2 e5 7. Nb3 Be7 
8. Be3 Be6 9. Qd3 O-O 10. O-O Nc6 11. a3 Rc8 12. Nd5 Nd7 13. Qd2 h6 14. h3 Bg5 
15. Bxg5 hxg5 16. Rac1 g6 17. Bc4 b5 18. Be2 Nf6 19. Bf3 Bxd5 20. exd5 Ne7 
21. Na5 Kg7 22. Rfe1 Rh8 23. Nc6 Nxc6 24. dxc6 Re8 25. Qxg5 e4 26. Bd1 Re5 
27. Qd2 Rxc6 28. c3 Nd7 29. f4 Re8 30. Bb3 f5 31. g4 Qh4 32. Re3 Nb6 33. a4 fxg4 
34. Qd4+ Qf6 35. Qxf6+ Kxf6 36. axb5 axb5 37. hxg4 Nc4 38. Bxc4 bxc4 39. Kf2 d5 
40. Rd1 Ke6 41. Rh3 Rb6 42. Ke3 Rxb2 43. Rh6 Rb3 44. Rxg6+ Kf7 45. f5 Rxc3+ 
46. Kf4 Ra3 47. Rxd5 e3 48. g5 Rd3 49. Rxd3 cxd3 50. Rf6+ Kg8 51. Rg6+ Kf7 
52. Rf6+ Kg8 53. Rg6+ Kf7 1/2-1/2

[Event "Friday Night Engine Tour 7rd Swiss 12m+1s Starts at 2200hrs ST"]
[Site "Infinity Chess"]
[Date "2018.4.6"]
[Round "1"]
[White "ocirema"]
[Black "RonWeasley"]
[Result "1/2-1/2 "]
[ECO "C11"]
[WhiteElo "2416"]
[BlackElo "2475"]
[WhiteEngine "asmFishW_2018-04-01_popcnt"]
[BlackEngine "BrainFish 010418 WM_CTG"]
[EventType "Swiss"]
[WhiteTeam ""]
[BlackTeam ""]
[PlyCount "163"]
[TimeControl "720+1"]

1. e4 e6 2. d4 d5 3. Nc3 Nf6 4. e5 Nfd7 5. f4 c5 6. Nf3 Nc6 7. Be3 cxd4 
8. Nxd4 Qb6 9. Qd2 Qxb2 10. Rb1 Qa3 11. Bb5 Nxd4 12. Bxd4 a6 13. Bxd7+ Bxd7 
14. Rb3 Qe7 15. Rxb7 Rc8 16. O-O Qd8 17. Qe3 Rc4 18. Rfb1 Be7 19. f5 Bg5 
20. Qd3 O-O 21. Ne4 Bc8 22. Bb6 Be3+ 23. Qxe3 Qh4 24. Nf6+ gxf6 25. Rc7 exf5 
26. Rxc4 dxc4 27. exf6 Kh8 28. Bc7 Rg8 29. Bg3 Qg4 30. Qf4 c3 31. a3 Be6 
32. Re1 Rd8 33. Qe3 Bd5 34. Qe8+ Rxe8 35. Rxe8+ Qg8 36. Rxg8+ Kxg8 37. Be5 Be4 
38. Bxc3 Bxc2 39. Kf2 h5 40. Ke3 Kh7 41. g3 Kg6 42. Kf4 Be4 43. h4 Bc6 
44. Ke5 Ba4 45. Bd4 Bc2 46. Bc5 Ba4 47. Bb6 Bc2 48. Be3 Bb3 49. Bd2 Ba4 
50. Bg5 Bc2 51. Kd5 Be4+ 52. Kc5 Bc2 53. Kb6 Bd3 54. a4 Bc2 55. a5 Bd3 
56. Kc5 Bb5 57. Kd5 f4 58. Bxf4 Kxf6 59. Be3 Kf5 60. Ba7 Bd3 61. Bc5 Be4+ 
62. Kd4 f6 63. Be7 Bc6 64. Kc5 Bf3 65. Kb6 Be2 66. Bd6 Ke4 67. Kc7 f5 
68. Kb6 Bb5 69. Kc5 Bd3 70. Kb4 Be2 71. Bc7 Bd3 72. Bb8 Kf3 73. Kc3 Be4 
74. Bd6 Kg4 75. Kc4 Kf3 76. Be5 Kg4 77. Bd6 Bc6 78. Kc3 Bd5 79. Kb4 Be6 
80. Bf4 Bd5 81. Bd6 Bf3 82. Bf4 1/2-1/2

[Event "Friday Night Engine Tour 7rd Swiss 12m+1s Starts at 2200hrs ST"]
[Site "Infinity Chess"]
[Date "2018.4.6"]
[Round "1"]
[White "MGR"]
[Black "Coco69"]
[Result "1/2-1/2"]
[ECO "C50"]
[WhiteElo "2477"]
[BlackElo "2424"]
[WhiteEngine "asmFishW_2018-04-02_bmi2"]
[BlackEngine "Raubfisch X38_CTG"]
[EventType "Swiss"]
[WhiteTeam ""]
[BlackTeam ""]
[PlyCount "85"]
[TimeControl "720+1"]

1. e4 e5 2. Nf3 Nc6 3. Bc4 Bc5 4. O-O Nf6 5. d3 d6 6. c3 a5 7. Re1 O-O 8. Bb3 h6 
9. h3 Re8 10. Nbd2 b5 11. a4 b4 12. Nf1 Bb6 13. Bc4 Ba6 14. Bxa6 Rxa6 
15. Qc2 Ra8 16. Ng3 Qd7 17. Bd2 d5 18. Rad1 Rad8 19. cxb4 Nxb4 20. Bxb4 axb4 
21. b3 Qe6 22. d4 exd4 23. a5 d3 24. Rxd3 Bxa5 25. e5 Ne4 26. Nd4 Qb6 
27. Nxe4 dxe4 28. Rxe4 c5 29. Nf5 Rxd3 30. Qxd3 Qe6 31. Qb5 Ra8 32. Nd6 Qxb3 
33. Qxc5 Qd1+ 34. Kh2 b3 35. Qc4 b2 36. Qxf7+ Kh8 37. Qg6 b1=Q 38. Nf7+ Kg8 
39. Nxh6+ Kh8 40. Nf7+ Kg8 41. Nh6+ Kh8 42. Nf7+ Kg8 43. Nh6+ 1/2-1/2